 Dungeon Crawl Stone Soup version 0.26.1-11-gd32895ea62 (webtiles) character file.

Game seed: 13989424676226208655

22 ABBCCCDDDD the Ducker (level 2, 0/22 HPs)
             Began as a Merfolk Warper on July 1, 2021.
             Killed from afar by a dart slug (2 damage)
             ... with a slug dart
             ... on level 2 of the Dungeon.
             The game lasted 00:03:21 (732 turns).

ABBCCCDDDD the Ducker (Merfolk Warper)               Turns: 732, Time: 00:03:22

Health: 0/22       AC:  5    Str: 17    XL:     2   Next: 91%
Magic:  5/5        EV: 12    Int: 12    God:
Gold:   145        SH:  0    Dex: 13    Spells: 3/5 levels left

rFire    . . .     SeeInvis .   a - +0 spear
rCold    . . .     Faith    .   (no shield)
rNeg     . . .     Spirit   .   i - +0 ring mail
rPois    .         Reflect  .   (no helmet)
rElec    .         Harm     .   (no cloak)
rCorr    .         Rampage  .   (no gloves)
Will     .....                  (no boots)
Stlth    +.........             (no amulet)
HPRegen  0.07/turn              c - +6 ring of strength
MPRegen  0.09/turn              (no ring)

@: no status effects
A: change form in water, swift swim, stealthy swim
a: no special abilities


You were on level 2 of the Dungeon.
You visited 1 branch of the dungeon, and saw 2 of its levels.

You collected 145 gold pieces.

Inventory:

Hand Weapons
 a - a +0 spear (weapon)
Missiles
 e - 5 boomerangs of dispersal (quivered)
Armour
 b - a +0 leather armour
 i - a +0 ring mail (worn)
 l - a +0 tower shield
Jewellery
 c - a +6 ring of strength (left hand)
Scrolls
 d - 2 scrolls of blinking
 g - 2 scrolls of remove curse {unknown}
 h - a scroll of fog {unknown}
Potions
 f - a potion of curing {unknown}
 j - a potion of might {unknown}
 k - a potion of invisibility {unknown}


   Skills:
 - Level 2.1 Fighting
 - Level 3.0 Polearms
 - Level 1.0 Throwing
 - Level 0.6 Armour
 + Level 3.3 Dodging
 - Level 2.0 Spellcasting
 * Level 3.0 Translocations


You had 3 spell levels left.
You knew the following spells:

 Your Spells              Type           Power        Failure   Level
a - Blink                 Tloc           N/A          22%         2

Your spell library contained the following spells:

 Spells                   Type           Power        Failure   Level
 Gell's Gravitas          Tloc           4%           38%         3
 Lesser Beckoning         Tloc           4%           38%         3
 Teleport Other           Tloc           8%           38%         3
 Passage of Golubria      Tloc           N/A          80%         4


Dungeon Overview and Level Annotations

Branches:
Dungeon (2/15)

Altars:


Message History

The kobold is moderately wounded.
The dart slug launches a dart at you. The slug dart hits you.
The kobold closely misses you. The worm bites you.
* * * LOW HITPOINT WARNING * * *
Okay, then.
Found a stone staircase leading down.
Found 14 stones.
A bat comes into view.
The bat hits you.
* * * LOW HITPOINT WARNING * * *
Found a leather armour.
The bat hits you but does no damage.
Found a scroll labelled HYCRUQ IRI ISUM.
The bat hits you.
* * * LOW HITPOINT WARNING * * *
The bat closely misses you. The dart slug launches a dart at you.
The slug dart hits you.
You die...

... ##..# .# ###### #..#
#?# ......# #######.###..
......# #........#.. [
......# #.##.$...#.#####..
......####.#..##..#.#......
^........†.#.##..#.....(#
......####......@bK....#
..........<...#.###..###
>.....####.####.##..##
......####.###..##.##
#####.##...#.......#
#....#...##.####
#...#..w###.# #.........#
#.# #.##..##### #.#


You could see a dart slug, a bat and a kobold.

Vanquished Creatures
  A dart slug (D:1)
  A leopard gecko (D:2)
  3 giant cockroaches
  A goblin (D:1)
  2 hobgoblins (D:1)
  4 bats (D:1)
  A frilled lizard (D:1)
  3 kobolds (D:1)
  4 rats
20 creatures vanquished.

Notes
Turn   | Place    | Note
-------+----------+-------------------------------------------
     0 | D:1      | ABBCCCDDDD the Merfolk Warper began the quest for the Orb.
     0 | D:1      | Reached XP level 1. HP: 16/16 MP: 3/3
   122 | D:1      | Reached XP level 2. HP: 20/22 MP: 5/5
   126 | D:1      | Learned a level 2 spell: Blink
   697 | D:2      | HP: 1/22 [worm (6)]
   732 | D:2      | Killed from afar by a dart slug

Illustrated notes

Levels and vault maps discovered:
D:1:      dpeg_arrival_central, layout_basic
D:2:      layout_rooms, minmay_between

Skill      XL: |  1  2 |
---------------+-------+-----
Dodging        | 3 |  3.3
Translocations | 3 |  3.0
Fighting       | |  2.1
Polearms       | |  3.0
Throwing       | |  1.0
Armour         | |  0.6
Spellcasting   | |  2.0

Action                   || total
-------------------------++-------
Melee: Spear             ||    89
Armor: Leather armour    ||    10
       Ring mail         ||    17
Dodge: Dodged            ||    54
